 Dungeon Crawl Stone Soup version 0.29-a0-520-gc852659d43 (webtiles) character file.

Game seed: 14723824481583031290

2865 testman the Destroyer (level 10, -5/111 HPs)
             Began as a Human Monk on May 31, 2022.
             Was an Elder of Vehumet.
             Slain by a human
             ... wielding a +0 war axe
              (10 damage)
             ... in a bailey.
             The game lasted 00:47:01 (6965 turns).

testman the Destroyer (Human Monk)                  Turns: 6965, Time: 00:47:02

Health: -5/111     AC: 25    Str: 12    XL:     10   Next: 4%
Magic:  2/21       EV:  2    Int: 20    God:    Vehumet [****..]
Gold:   319        SH:  5    Dex: 16    Spells: 14/24 levels left

rFire   . . .      SeeInvis .   a - +1 falchion (venom)
rCold   . . .      Faith    .   (no shield)
rNeg    . . .      Spirit   .   (body armour currently unavailable)
rPois   +          Reflect  +   (helmet currently unavailable)
rElec   .          Harm     .   (cloak currently unavailable)
rCorr   .          Rampage  .   (gloves currently unavailable)
Will    .....      NoTele   +   (boots currently unavailable)
Stlth   ++........              i - amulet of reflection
HPRegen 0.28/turn               k - +6 ring of intelligence
MPRegen 0.17/turn               (no ring)

@: tree-form
A: stationary, stasis, torment immunity, boosted hp
a: Renounce Religion


You were in a bailey.
You worshipped Vehumet.
Vehumet was greatly pleased with you.
You were a tree.
You visited 1 branch of the dungeon, and saw 7 of its levels.
You also visited: Bailey.

You collected 319 gold pieces.

Inventory:

Hand Weapons
 a - a +1 falchion of venom (weapon)
Missiles
 f - 6 javelins
 s - 2 boomerangs of dispersal
 x - 5 datura-tipped darts
Armour
 j - a +1 helmet (melded)
 l - a +1 pair of gloves (melded)
 m - a scarf of resistance (melded)
 n - a +2 robe of cold resistance (melded)
Jewellery
 i - an amulet of reflection (around neck)
 k - a +6 ring of intelligence (left branch)
Wands
 p - a wand of paralysis (10)
 w - a wand of digging (16)
Scrolls
 g - 4 scrolls of teleportation
 h - a scroll of vulnerability
 o - a scroll of fog
 t - a scroll of identify
 v - a scroll of immolation
Potions
 e - a potion of mutation
 r - a potion of brilliance


   Skills:
 + Level 5.5 Fighting
 - Level 4.0 Long Blades
 - Level 3.0 Dodging
 - Level 2.0 Stealth
 + Level 7.5 Spellcasting
 + Level 8.0 Conjurations
 - Level 2.0 Hexes
 - Level 1.0 Air Magic
 - Level 1.0 Poison Magic


You had 14 spell levels left.
You knew the following spells:

 Your Spells              Type           Power      Damage    Failure   Level
a - Slow                  Hex            60%        N/A       4%          1
b - Dazzling Flash        Conj/Hex       54%        N/A       1%          3
c - Magic Dart            Conj           100%       1d8       1%          1
d - Searing Ray           Conj           78%        2d7       1%          2
e - Mephitic Cloud        Conj/Pois/Air  20%        N/A       1%          3

Your spell library contained the following spells:

 Spells                   Type           Power      Damage    Failure   Level
 Apportation              Tloc           14%        N/A       9%          1
 Confusing Touch          Hex            15%        N/A       12%         3
 Vampiric Draining        Necr           7%         2d6       26%         3
 Summon Lightning Spire   Summ/Air       9%         N/A       58%         4
 Alistair's Intoxication  Tmut/Pois      6%         N/A       90%         5
 Storm Form               Tmut/Air       4%         N/A       100%        7
 Maxwell's Capacitive Co  Air            5%         ∞         100%        8


Dungeon Overview and Level Annotations

Branches:
Dungeon (7/15)             Bailey (1/1)
 Temple: D:4-7

Altars:
Kikubaaqudgha
Vehumet

Shops:
D:2 (


Message History

You block the human's attack. The human hits you but does no damage.
Okay, then.
The air fills with toxic fumes!
As you read the scroll of poison, it crumbles to dust.
The human hits you but does no damage. The human hits you with a +0 war axe.
* * * LOW HITPOINT WARNING * * *
Unknown command.
Okay, then.
As you read the scroll of fear, it crumbles to dust.
You assume a fearsome visage.
The human resists with some effort.
The human looks frightened!
The human easily resists.
The human looks frightened!
The human is engulfed in poison gas.
The human is poisoned.
The human looks very confused.
The human hits itself with a +0 vorpal hand axe.
The human barely misses you.
You completely miss the human.
The human is lightly wounded.
The human is no longer blind. x2; The human is engulfed in poison gas.
The human looks even sicker.
You kill the human!
Vehumet accepts your kill. The human barely misses you.
Your Conjurations skill increases to level 8!
Okay, then.
Okay, then.
Casting: Dazzling Flash (safe; 1% risk of failure)
Confirm with . or Enter, or press ? or * to list all spells.
Okay, then.
You hit the human.
The human is poisoned.
The human is lightly wounded.
The orc warrior is no longer blind.
The human hits you but does no damage. The human hits you with a +0 war axe!
* * * LOW HITPOINT WARNING * * *
Unknown command.
Okay, then.
You barely miss the human.
The human is lightly wounded.
The human hits you with a +0 war axe!
You die...

#####
##§§§##
#§§☼☼§#
#§§§§§# ####
#☼§☼§§#
#....##♣p§##
......#p#+#
#..)o#
##§§§# #§.§#
#§§§# #§§##
#§§ ###


You could see 2 humans and an orc warrior.

Vanquished Creatures
  Pikel (D:6)
  Sigmund (D:6)
  A human (Bailey)
  2 water moccasins
  2 sky beasts (D:7)
  3 ice beasts (D:6)
  2 black bears (D:6)
  4 ogres
  A lemure (D:6)
  2 necrophages
  A scorpion (D:5)
  5 hounds
  A gnoll shaman (D:6)
  3 orc priests
  3 iguanas
  Terence (D:3)
  4 orc wizards
  9 gnolls
  9 adders
  A white imp (D:6)
  2 ufetubi
  2 worms (D:2)
  A dart slug (D:2)
  23 orcs
  3 bats
  3 endoplasms
  8 goblins
  9 hobgoblins
  4 jackals (D:2)
  2 quokkas (D:2)
  8 ball pythons
  3 frilled lizards
  7 kobolds
  A rat (D:1)
132 creatures vanquished.

Notes
Turn   | Place    | Note
-------+----------+-------------------------------------------
     0 | D:1      | testman the Human Monk began the quest for the Orb.
     0 | D:1      | Reached XP level 1. HP: 18/18 MP: 1/1
   285 | D:1      | Reached XP level 2. HP: 24/24 MP: 2/2
  1061 | D:2      | Reached XP level 3. HP: 29/29 MP: 3/3
  1063 | D:2      | Learned a level 1 spell: Slow
  1230 | D:2      | Found Zeuluroe's Antique Weapon Shoppe.
  1590 | D:2      | Learned a level 1 spell: Apportation
  1671 | D:2      | Reached XP level 4. HP: 33/37 MP: 4/4
  1745 | D:2      | Reached skill level 1 in Hexes
  2075 | D:3      | Noticed Terence
  2089 | D:3      | Killed Terence
  2090 | D:3      | Reached skill level 1 in Spellcasting
  2379 | D:3      | Reached XP level 5. HP: 34/42 MP: 6/6
  2630 | D:3      | Found a faded altar of an unknown god.
  2655 | D:3      | Prayed at the altar of an unknown god.
  2655 | D:3      | Became a worshipper of Vehumet
  2655 | D:3      | Reached * piety under Vehumet
  2655 | D:3      | Offered knowledge of Magic Dart by Vehumet.
  2655 | D:3      | Reached ** piety under Vehumet
  2658 | D:3      | Learned a level 1 spell: Magic Dart
  2741 | D:3      | Offered knowledge of Searing Ray by Vehumet.
  2742 | D:3      | Reached skill level 1 in Conjurations
  2745 | D:3      | Learned a level 2 spell: Searing Ray
  2835 | D:4      | Offered knowledge of Dazzling Flash by Vehumet.
  2844 | D:4      | Learned a level 3 spell: Dazzling Flash
  2956 | D:4      | Reached XP level 6. HP: 24/48 MP: 1/9
  3219 | D:4      | Reached *** piety under Vehumet
  3360 | D:4      | Reached skill level 2 in Conjurations
  3761 | D:5      | Entered Level 5 of the Dungeon
  3773 | D:5      | Noticed an ogre
  3784 | D:5      | Killed an ogre
  3862 | D:5      | Reached skill level 3 in Conjurations
  3974 | D:5      | Reached XP level 7. HP: 52/54 MP: 1/11
  4181 | D:5      | Noticed a water moccasin
  4193 | D:5      | Killed a water moccasin
  4429 | D:5      | Offered knowledge of Flame Wave by Vehumet.
  4431 | D:5      | Reached skill level 4 in Conjurations
  4687 | D:5      | Reached XP level 8. HP: 60/60 MP: 9/14
  4782 | D:5      | Reached skill level 5 in Conjurations
  5090 | D:6      | Reached skill level 5 in Spellcasting
  5246 | D:6      | Noticed Sigmund
  5274 | D:6      | Killed Sigmund
  5350 | D:6      | Reached **** piety under Vehumet
  5436 | D:6      | Reached skill level 6 in Conjurations
  5480 | D:6      | Noticed Pikel
  5492 | D:6      | Killed Pikel
  5493 | D:6      | Reached skill level 7 in Conjurations
  5493 | D:6      | Reached XP level 9. HP: 12/65 MP: 12/18
  5986 | D:6      | Offered knowledge of Mephitic Cloud by Vehumet.
  5992 | D:6      | Learned a level 3 spell: Mephitic Cloud
  6118 | D:6      | Reached skill level 5 in Fighting
  6118 | D:6      | Reached skill level 1 in Air Magic
  6118 | D:6      | Reached skill level 1 in Poison Magic
  6795 | D:7      | Found an ancient bone altar of Kikubaaqudgha.
  6912 | D:7      | Found a flagged portal.
  6923 | Bailey   | Entered a bailey
  6954 | Bailey   | Reached XP level 10. HP: 16/74 MP: 8/21
  6964 | Bailey   | Reached skill level 8 in Conjurations
  6964 | Bailey   | HP: 5/111 [human/+0 war axe (7)]
  6965 | Bailey   | Slain by a human

Illustrated notes

Levels and vault maps discovered:
D:1:      co_arrival_square_in_a_square_in_a_square, layout_basic,
          minmay_liquid_box, minmay_tall_x
D:2:      layout_basic, serial_shops, nicolae_diamond_shop,
          corexii_item_surrounded_by_moat
D:3:      layout_basic, ebering_ecumenical_altar_webs, uniq_terence
D:4:      layout_loops_ring
D:5:      layout_basic
D:6:      layout_loops_ring, uniq_sigmund, uniq_pikel
D:7:      layout_cave_pools, kiku_gazebo_garden_becter,
          minmay_temple_entry_mini_moons, enter_bailey_8
Bailey:   bailey_axe_froggy_fort_hellmonk, bailey

Skill      XL: |  1  2  3  4  5  6  7  8  9 10 |
---------------+-------------------------------+-----
Hexes          | 1 2 |  2.0
Spellcasting   | 1 2 3 4 6 7 |  7.5
Fighting       | 4 5 |  5.5
Long Blades    | 4 |  4.0
Conjurations   | 1 3 4 7 8 |  8.0
Air Magic      | 1 |  1.0
Poison Magic   | 1 |  1.0
Dodging        | |  3.0
Stealth        | |  2.0

Action                   |  1- 3 |  4- 6 |  7- 9 | 10-12 || total
-------------------------+-------+-------+-------+-------++-------
Melee: Falchion          |    94 |    95 |   108 |     4 ||   301
       Punch             |     1 |       |     3 |       ||     4
Throw: Javelin           |     2 |       |       |       ||     2
 Cast: Apportation       |     1 |       |       |       ||     1
       Searing Ray       |       |     9 |    36 |     1 ||    46
       Magic Dart        |       |    11 |     4 |       ||    15
       Slow              |       |     3 |       |       ||     3
       Dazzling Flash    |       |       |     8 |     1 ||     9
       Mephitic Cloud    |       |       |     4 |       ||     4
  Use: Potion            |     1 |       |     5 |     1 ||     7
       Scroll            |       |     4 |    15 |     2 ||    21
 Stab: Sleeping          |     4 |     4 |       |       ||     8
       Invisible         |       |       |     4 |     1 ||     5
       Confused          |       |       |     2 |       ||     2
Armor: Robe              |    12 |    17 |    59 |       ||    88
       Skin              |       |       |       |    11 ||    11
Dodge: Dodged            |    66 |    82 |    90 |     3 ||   241
Block: Other             |       |     2 |    34 |     1 ||    37

Table legend: (Time is in decaauts)
 A = Elapsed time spent in this place.
 B = Non-inter-level travel time spent in this place.
 C = Inter-level travel time spent in this place.
 D = Time resting spent in this place.
 E = Time spent auto-exploring this place.
 F = Levels seen in this place.
 G = Mean time per level.
                   A        B        C        D        E       F      G
               +--------+--------+--------+--------+--------+-----+--------+
         Total |   6996 |   6767 |    229 |   1061 |   4629 |   8 |  874.5 |
       Dungeon |   6954 |   6725 |    229 |   1061 |   4621 |   7 |  993.4 |
        Bailey |     42 |     42 |      0 |      0 |      8 |   1 |   42.0 |
               +--------+--------+--------+--------+--------+-----+--------+

Top non-repeatable levels by time:
     D:6: 1782 daAuts
     D:5: 1255 daAuts
     D:1: 1054 daAuts
     D:2: 1034 daAuts
     D:4: 934 daAuts
     D:3: 758 daAuts
     D:7: 133 daAuts
  Bailey: 42 daAuts
